 Dungeon Crawl Stone Soup version 0.23-b1-84-g6588a6b (webtiles) character file.

Game seed: 7712099490573145462

73 Zonian the Charmwright (level 4, -3/38 HPs)
             Began as a Gnoll Skald on Feb 10, 2019.
             Killed by divine providence
             ... invoked by an orc priest
              (14 damage)
             ... on level 2 of the Dungeon.
             The game lasted 00:03:38 (2555 turns).

Zonian the Charmwright (Gnoll Skald)                Turns: 2555, Time: 00:03:38

Health: -3/38      AC:  3    Str: 15    XL:     4   Next: 27%
Magic:  6/11       EV: 14    Int: 15    God:
Gold:   58         SH:  0    Dex: 14    Spells: 10/13 levels left

rFire    . . .     SeeInvis .   a - +0 spear
rCold    . . .     Gourm    .   (no shield)
rNeg     . . .     Faith    .   b - +0 leather armour
rPois    .         Spirit   .   (no helmet)
rElec    .         Reflect  .   (no cloak)
rCorr    .         Harm     .   (no gloves)
MR       .....                  (no boots)
Stlth    +.........             (no amulet)
HPRegen  0.12/turn              (no ring)
MPRegen  0.12/turn              (no ring)

@: shrouded, infused
A: distributed training, fangs 1, strong nose
a: no special abilities


You were on level 2 of the Dungeon.
You were hungry.

You visited 1 branch of the dungeon, and saw 2 of its levels.

You collected 58 gold pieces.

Inventory:

Hand Weapons
 a - a +0 spear (weapon)
 f - a cursed -2 mace
Missiles
 h - 23 sling bullets
Armour
 b - a +0 leather armour (worn)
 c - a cursed +0 scale mail
 d - a +0 pair of gloves
 e - a +0 ring mail
Scrolls
 g - 4 scrolls of identify {unknown}
 j - a scroll of random uselessness {unknown}


   Skills:
 + Level 4.6 Fighting
 + Level 1.0 Short Blades
 + Level 1.0 Long Blades
 + Level 1.0 Axes
 + Level 1.0 Maces & Flails
 + Level 4.6 Polearms
 + Level 1.0 Staves
 + Level 1.0 Slings
 + Level 1.0 Bows
 + Level 1.0 Crossbows
 + Level 1.0 Throwing
 + Level 2.7 Armour
 + Level 4.6 Dodging
 + Level 1.0 Stealth
 + Level 1.0 Shields
 + Level 1.0 Unarmed Combat
 + Level 5.0 Spellcasting
 + Level 0.8 Conjurations
 + Level 0.8 Hexes
 + Level 5.4 Charms
 + Level 0.8 Summonings
 + Level 0.8 Necromancy
 + Level 0.8 Translocations
 + Level 0.8 Transmutations
 + Level 0.8 Fire Magic
 + Level 0.8 Ice Magic
 + Level 0.8 Air Magic
 + Level 0.8 Earth Magic
 + Level 0.8 Poison Magic
 + Level 1.1 Invocations
 + Level 1.0 Evocations


You had 10 spell levels left.
You knew the following spells:

 Your Spells              Type           Power        Failure   Level  Hunger
a - Infusion              Chrm           ###.         2%          1    None
b - Shroud of Golubria    Chrm/Tloc      ##........   9%          2    ##.....

Your spell library contained the following spells:

 Spells                   Type           Power        Failure   Level  Hunger
 Song of Slaying          Chrm           ###.....     3%          2    ##.....
 Regeneration             Chrm/Necr      ##........   17%         3    ###....
 Spectral Weapon          Hex/Chrm       ##......     17%         3    ###....


Dungeon Overview and Level Annotations

Branches:
Dungeon (2/15)

Altars:


Innate Abilities, Weirdness & Mutations

Your experience applies equally to all skills.
You have very sharp teeth.
Your uncanny sense of smell can sniff out nearby items.


Message History

You see here a scale mail.
c - a scale mail
Casting: Infusion (safe; 2% risk of failure)
Confirm with . or Enter, or press ? or * to list all spells.
You begin infusing your attacks with magical energy.
Casting: Infusion (safe; 2% risk of failure)
Confirm with . or Enter, or press ? or * to list all spells.
Space distorts slightly along a thin shroud covering your body.
The orc priest calls down the wrath of Beogh upon you.
Beogh smites you!
* * * LOW HITPOINT WARNING * * *
You hit the orc priest!
The orc priest is heavily wounded.
The orc priest looks encouraged for a moment.
The orc priest looks braver for a moment.
You hit the orc priest.
The orc priest is severely wounded.
The orc priest mumbles some strange prayers to Beogh against you.
Beogh smites you!
You die...

# ....#.#.............. ...#
........................ .....
....#.#.#.#.(..o###....######..#.
.......................#.....#.#.
#......<{..............#.....#.#
...........#...........#........
......#...............##........
...............o......##........
....#.#.....#...@.....#........#.
......#.....#.........#....#####.
..! # #.....#.........#....# #.
.. ......#.........#....# #.
#.........#....# #.
..#.........#....######
.......................
............##...#####.
...#.#......##.........


You could see 2 orc priests.

Vanquished Creatures
  An orc wizard (D:1)
  A gnoll (D:1)
  An adder (D:2)
  2 leopard geckos (D:2)
  An orc (D:1)
  A giant cockroach (D:1)
  4 hobgoblins
  A ball python (D:2)
  4 bats
  A frilled lizard (D:1)
  5 goblins
  A kobold (D:2)
  4 rats (D:1)
27 creatures vanquished.

Notes
Turn   | Place    | Note
-------+----------+-------------------------------------------
     0 | D:1      | Zonian the Gnoll Skald began the quest for the Orb.
     0 | D:1      | Reached XP level 1. HP: 20/20 MP: 6/6
   933 | D:1      | Reached XP level 2. HP: 26/26 MP: 7/7
   937 | D:1      | Learned a level 2 spell: Shroud of Golubria
  1388 | D:1      | Reached XP level 3. HP: 26/31 MP: 9/9
  1483 | D:1      | Reached skill level 5 in Spellcasting
  1801 | D:2      | Reached skill level 1 in Invocations
  2206 | D:1      | Reached skill level 1 in Short Blades
  2206 | D:1      | Reached skill level 1 in Long Blades
  2206 | D:1      | Reached skill level 1 in Axes
  2206 | D:1      | Reached skill level 1 in Maces & Flails
  2206 | D:1      | Reached skill level 1 in Staves
  2206 | D:1      | Reached skill level 1 in Slings
  2206 | D:1      | Reached skill level 1 in Bows
  2206 | D:1      | Reached skill level 1 in Crossbows
  2206 | D:1      | Reached skill level 1 in Throwing
  2206 | D:1      | Reached skill level 1 in Stealth
  2206 | D:1      | Reached skill level 1 in Shields
  2206 | D:1      | Reached skill level 1 in Unarmed Combat
  2206 | D:1      | Reached skill level 1 in Evocations
  2206 | D:1      | Reached XP level 4. HP: 19/38 MP: 3/11
  2555 | D:2      | Killed from afar by an orc priest

Skill      XL: |  1  2  3 |
---------------+----------+-----
Spellcasting   | 5 |  5.0
Invocations    | 1 |  1.1
Short Blades   | 1 |  1.0
Long Blades    | 1 |  1.0
Axes           | 1 |  1.0
Maces & Flails | 1 |  1.0
Staves         | 1 |  1.0
Slings         | 1 |  1.0
Bows           | 1 |  1.0
Crossbows      | 1 |  1.0
Throwing       | 1 |  1.0
Stealth        | 1 |  1.0
Shields        | 1 |  1.0
Unarmed Combat | 1 |  1.0
Evocations     | 1 |  1.0
Fighting       | |  4.6
Polearms       | |  4.6
Armour         | |  2.7
Dodging        | |  4.6
Conjurations   | |  0.8
Hexes          | |  0.8
Charms         | |  5.4
Summonings     | |  0.8
Necromancy     | |  0.8
Translocations | |  0.8
Transmutations | |  0.8
Fire Magic     | |  0.8
Ice Magic      | |  0.8
Air Magic      | |  0.8
Earth Magic    | |  0.8
Poison Magic   | |  0.8

Action                   |  1- 3 |  4- 6 || total
-------------------------+-------+-------++-------
Melee: Spear             |    90 |     4 ||    94
       Bite              |     3 |       ||     3
 Cast: Infusion          |     5 |     1 ||     6
       Shroud of Golubri |       |     1 ||     1
  Use: Potion            |     1 |       ||     1
 Stab: Sleeping          |     1 |       ||     1
  Eat: Ration            |     1 |       ||     1
       Chunk             |       |     1 ||     1
Armor: Leather armour    |    14 |       ||    14
Dodge: Dodged            |    51 |     1 ||    52
